AoeStats
← Prometheus

Arena

510363801Analyzed
1v1 RM · 21h ago on Sep 30, 2026· 38m 41s· 2 players
Game mode
Random Map
Map size
Tiny (2 player)
Population
200
Speed
Normal
Resources
Standard
Victory
Conquest
Starting age
Dark Age
Ending age
Imperial Age
RankedLock teamsTeams togetherTeam positionsShared explorationLock speedFull tech treeHidden civsTurbo modeCheats
Victory
Defeat
🇬🇧 Turks · United Kingdom
991
+15
🇪🇸 Mongols · Spain
960
-15
Ortegasmo 14
11:04 Feudal Age
15:01 Castle Age
13:01 Double-Bit Axe
13:10 Horse Collar
13:57 Gold Mining
21:51 Wheelbarrow
21:39 Heavy Plow
25:20 Imperial Age
23:47 Ballistics
23:21 Fletching
23:34 Padded Archer Armor
24:40 Bow Saw
25:07 Loom
25:09 Town Watch
25:54 Bodkin Arrow
26:05 Scale Barding Armor
27:40 Forging
28:41 Conscription
28:49 Drill
29:41 Hand Cart
30:19 Husbandry
30:37 Bloodlines
30:05 Capped Ram
30:48 Light Cavalry
33:22 Chemistry
32:47 Chain Barding Armor
38:02 Iron Casting
Prometheus
10:53 Feudal Age
11:54 Double-Bit Axe
15:57 Castle Age
14:16 Horse Collar
17:36 Scale Barding Armor
18:48 Husbandry
23:08 Wheelbarrow
22:20 Town Watch
22:21 Loom
23:14 Bow Saw
23:13 Gold Mining
23:39 Stone Mining
24:38 Bloodlines
25:54 Heavy Plow
26:42 Gold Shaft Mining
26:26 Hand Cart
28:21 Forging
30:41 Imperial Age
28:54 Town Patrol
29:51 Chain Barding Armor
29:22 Fletching
29:33 Padded Archer Armor
31:09 Iron Casting
31:30 Artillery
31:52 Conscription
33:32 Plate Barding Armor
33:14 Leather Archer Armor
34:19 Two-Man Saw
33:57 Bodkin Arrow
35:15 Blast Furnace
34:24 Heavy Camel Rider
37:22 Ring Archer Armor
37:12 Bracer
Connection lost

Rejoining the realm…

Still unreachable

The connection could not be restored.

Session expired

The server has moved on; the page needs a fresh start.